 Dungeon Crawl Stone Soup version 0.30-a0-359-gd0147acb1a (webtiles) character file.

Game seed: 16898433606174596155

138 LnG the Sneak (level 5, 0/29 HPs)
             Began as a Kobold Summoner on Nov 11, 2022.
             Slain by a gnoll
             ... wielding a +0 flail
              (10 damage)
             ... on level 4 of the Dungeon.
             The game lasted 00:05:27 (2890 turns).

LnG the Sneak (Kobold Summoner)                     Turns: 2890, Time: 00:05:27

Health: 0/29       AC:  2    Str:  5    XL:     5   Next: 45%
Magic:  0/8        EV: 15    Int: 18    God:
Gold:   210        SH:  0    Dex: 16    Spells: 0/9 levels left

rFire   . . .      SeeInvis .    c - +0 dagger
rCold   + . .      Faith    .    (no shield)
rNeg    . . .      Spirit   .    a - +0 robe
rPois   +          Reflect  .    (no helmet)
rElec   .          Harm     .    v - scarf {shadows}
rCorr   .          Rampage  .    (no gloves)
Will    .....                    (no boots)
Stlth   ++++......               (no amulet)
HPRegen 0.24/turn                h - ring of protection from cold
MPRegen 0.11/turn                p - ring of poison resistance

@: very slightly contaminated
A: small, no large weapons, nightstalker 3
a: no special abilities


You were on level 4 of the Dungeon.
You visited 1 branch of the dungeon, and saw 4 of its levels.

You collected 210 gold pieces.

Inventory:

Hand Weapons
 c - a +0 dagger (weapon)
Armour
 a - a +0 robe (worn)
 v - a scarf of shadows (worn)
Jewellery
 h - a ring of protection from cold (left hand)
 j - an amulet of faith
 l - a ring of see invisible
 p - a ring of poison resistance (right hand)
Scrolls
 d - a scroll of identify {unknown}
 f - a scroll of noise {unknown}
 g - a scroll of blinking
 m - 2 scrolls of teleportation {unknown}
 n - a scroll of enchant weapon {unknown}
 o - 2 scrolls of fog {unknown}
 u - a scroll of enchant armour {unknown}
Potions
 b - 2 potions of magic
 e - 2 potions of heal wounds {unknown}
 i - 2 potions of brilliance {unknown}
 k - 2 potions of mutation {unknown}
 q - a potion of ambrosia {unknown}
 r - a potion of attraction {unknown}
 s - a potion of flight {unknown}
 t - a potion of lignification {unknown}


   Skills:
 + Level 1.1 Fighting
 + Level 1.1 Short Blades
 * Level 3.4 Dodging
 * Level 5.1 Stealth
 + Level 2.6 Spellcasting
 + Level 4.5 Summonings


You couldn't memorise any spells.
You knew the following spells:

 Your Spells              Type           Power      Damage    Failure   Level
a - Summon Small Mammal   Summ           72%        N/A       2%          1
b - Call Imp              Summ           18%        N/A       4%          2
c - Call Canine Familiar  Summ           18%        N/A       8%          3
d - Summon Guardian Gole  Hex/Summ       10%        N/A       21%         3

Your spell library contained the following spells:

 Spells                   Type           Power      Damage    Failure   Level
 Summon Lightning Spire   Summ/Air       10%        N/A       54%         4
 Orb of Destruction       Conj           1%         9d5       100%        7
 Spellforged Servitor     Conj/Summ      5%         N/A       100%        7


Dungeon Overview and Level Annotations

Branches:
Dungeon (4/15)
 Temple: D:4-7

Altars:
Nemelex Xobeh
Trog
Wu Jian

Annotations:
D:4 Eustachio


Innate Abilities, Weirdness & Mutations

You are small and have problems with some larger weapons.
You are completely attuned to the shadows.


Message History

You swap places.
Your crimson imp hits the gnoll.
Eustachio gestures wildly while chanting.
Unknown command.
Casting: Call Imp (safe; 4% risk of failure)
Confirm with . or Enter, or press ? or * to list all spells.
You don't have enough magic to cast this spell.
Your crimson imp hits the gnoll.
Your crimson imp hits the gnoll.
Your crimson imp barely misses the gnoll.
Something misses your crimson imp.
Found a scroll labelled UDOWOI NARGHALO.
You see here a hobgoblin corpse.
The gnoll hits you with a +0 flail.
You barely miss the gnoll.
The gnoll is severely wounded.
Your crimson imp blinks!
The gnoll closely misses you.
You hit the gnoll but do no damage.
The gnoll is severely wounded.
Casting: Call Imp (safe; 4% risk of failure)
Confirm with . or Enter, or press ? or * to list all spells.
The spell is quite dangerous to miscast (8% risk of failure)!
Continue anyway?
You miscast Call Canine Familiar.
You are very lightly contaminated with residual magic.
Nothing appears to happen.
The gnoll closely misses you.
You hit the gnoll.
The gnoll is almost dead.
Your crimson imp blinks!
The gnoll closely misses you.
You closely miss the gnoll.
The gnoll is almost dead.
The gnoll misses you.
You barely miss the gnoll.
The gnoll is almost dead.
The gnoll hits you with a +0 flail!
Casting: Call Canine Familiar (quite dangerous; 8% risk of failure)
Confirm with . or Enter, or press ? or * to list all spells.
A beastly little devil appears in a puff of flame.
The gnoll hits you with a +0 flail!
You die...

.........
.........
...†.....
#........
###.#.##
##...##
##.....#
..g.##...
####@# ..#
#.5..#
.#####.####
#..<....#
#.......#
#.......#
#........


You could see a gnoll (ally target) and a friendly crimson imp (summoned).

Vanquished Creatures
  An orc priest (D:3)
  2 adders
  A dart slug (D:1)
  2 orcs (D:3)
  4 bats
  An endoplasm (D:3)
  A giant cockroach (D:1)
  A hobgoblin (D:1)
  2 kobolds (D:3)
  4 ball pythons
  4 frilled lizards
  2 goblins
  8 rats
33 creatures vanquished.

Vanquished Creatures (collateral kills)
  2 gnolls (D:4)
  2 adders (D:3)
  2 worms
  A dart slug (D:2)
  2 orcs (D:3)
  An endoplasm (D:3)
  2 goblins (D:3)
  2 hobgoblins
  A kobold (D:3)
  A rat (D:1)
16 creatures vanquished.

Grand Total: 49 creatures vanquished

Notes
Turn   | Place    | Note
-------+----------+-------------------------------------------
     0 | D:1      | LnG the Kobold Summoner began the quest for the Orb.
     0 | D:1      | Reached XP level 1. HP: 10/10 MP: 3/3
   156 | D:1      | Reached skill level 3 in Stealth
   227 | D:1      | Reached XP level 2. HP: 16/16 MP: 5/5
   363 | D:1      | Learned a level 2 spell: Call Imp
   842 | D:2      | Found a bloodstained altar of Trog.
  1138 | D:2      | Reached XP level 3. HP: 5/20 MP: 6/6
  1142 | D:2      | Learned a level 3 spell: Call Canine Familiar
  1530 | D:2      | Found a faded altar of an unknown god.
  2031 | D:3      | Reached skill level 4 in Stealth
  2031 | D:3      | Reached XP level 4. HP: 24/24 MP: 4/7
  2165 | D:3      | Found an ornate altar of the Wu Jian Council.
  2338 | D:3      | Reached skill level 1 in Fighting
  2338 | D:3      | Reached XP level 5. HP: 29/29 MP: 8/8
  2367 | D:3      | Learned a level 3 spell: Summon Guardian Golem
  2395 | D:3      | Found a sparkling altar of Nemelex Xobeh.
  2854 | D:4      | Noticed Eustachio
  2856 | D:4      | Reached skill level 1 in Short Blades
  2856 | D:4      | Reached skill level 5 in Stealth
  2890 | D:4      | Slain by a gnoll

Illustrated notes

Levels and vault maps discovered:
D:1:      reono_arrival_forest_river, layout_basic,
          wander_ebering_terrifying_dragon_lair
D:2:      layout_loops_ring, basic_altar, ebering_ecumenical_altar_hall
D:3:      layout_loops_ring, nicolae_overflow_crystal_walls,
          nicolae_overflow_hidden_temple, kennysheep_generic_room_10
D:4:      layout_rooms, grunt_temple_overflow_growth_and_decay, zin_treasury,
          minmay_temple_entry_gardened_gates, uniq_edmund, uniq_eustachio

Skill      XL: |  1  2  3  4  5 |
---------------+----------------+-----
Stealth        | 3 4 5 |  5.1
Dodging        | 3 |  3.4
Fighting       | 1 |  1.1
Short Blades   | 1 |  1.1
Spellcasting   | |  2.6
Summonings     | |  4.5

Action                   |  1- 3 |  4- 6 || total
-------------------------+-------+-------++-------
Melee: Unarmed           |     7 |       ||     7
       Dagger            |    79 |    54 ||   133
 Cast: Summon Small Mamm |     2 |       ||     2
       Call Imp          |     5 |     5 ||    10
       Call Canine Famil |     4 |     3 ||     7
  Use: Scroll            |       |     1 ||     1
 Stab: Sleeping          |    12 |     3 ||    15
       Distracted        |     2 |     1 ||     3
Armor: Robe              |    12 |     4 ||    16
Dodge: Dodged            |    73 |    48 ||   121

Table legend: (Time is in decaauts)
 A = Elapsed time spent in this place.
 B = Non-inter-level travel time spent in this place.
 C = Inter-level travel time spent in this place.
 D = Time resting spent in this place.
 E = Time spent auto-exploring this place.
 F = Levels seen in this place.
 G = Mean time per level.
                   A        B        C        D        E       F      G
               +--------+--------+--------+--------+--------+-----+--------+
         Total |   2893 |   2857 |     36 |      0 |   2406 |   4 |  723.2 |
       Dungeon |   2893 |   2857 |     36 |      0 |   2406 |   4 |  723.2 |
               +--------+--------+--------+--------+--------+-----+--------+

Top non-repeatable levels by time:
     D:3: 966 daAuts
     D:2: 907 daAuts
     D:1: 847 daAuts
     D:4: 171 daAuts
